 Dungeon Crawl Stone Soup version 0.28-a0-938-gbc3f381ebc (webtiles) character file.

Game seed: 14152380865160318717

1598 Decritt the Skirmisher (level 8, -2/74 HPs)
             Began as a Minotaur Fighter on Nov 28, 2021.
             Slain by an unseen horror (5 damage)
             ... on level 7 of the Dungeon.
             The game lasted 00:12:36 (7723 turns).

Decritt the Skirmisher (Minotaur Fighter)           Turns: 7723, Time: 00:12:37

Health: -2/74      AC: 15    Str: 22    XL:     8   Next: 62%
Magic:  7/7        EV:  8    Int:  5    God:
Gold:   360        SH:  4    Dex: 11    Spells: 7/7 levels left

rFire   + . .      SeeInvis .   z - +1 trident (freeze)
rCold   + . .      Faith    .   c - +0 buckler
rNeg    . . .      Spirit   .   B - +0 plate armour
rPois   .          Reflect  .   (helmet restricted)
rElec   .          Harm     .   u - scarf {rC+ rF+}
rCorr   +          Rampage  .   m - +0 pair of gloves
Will    .....                   v - +0 pair of boots
Stlth   ..........              (no amulet)
HPRegen 0.22/turn               l - ring of resist corrosion
MPRegen 0.10/turn               (no ring)

@: no status effects
A: horns 2, retaliatory headbutt
a: no special abilities


You were on level 7 of the Dungeon.
You visited 1 branch of the dungeon, and saw 7 of its levels.

You collected 360 gold pieces.

Inventory:

Hand Weapons
 a - a +0 war axe
 n - a +1 whip of electrocution
 t - a +1 morningstar of draining
 z - a +1 trident of freezing (weapon)
Missiles
 A - 3 poisoned darts
 D - 4 boomerangs (quivered)
Armour
 b - a +0 scale mail
 c - a +0 buckler (worn)
 m - a +0 pair of gloves (worn)
 o - a +0 chain mail
 u - a scarf of resistance (worn)
 v - a +0 pair of boots (worn)
 B - a +0 plate armour (worn)
Jewellery
 l - a ring of resist corrosion (left hand)
Wands
 f - a wand of paralysis (17)
 C - a wand of flame (10)
Scrolls
 g - a scroll of teleportation
 h - 3 scrolls of amnesia
 k - a scroll of acquirement {unknown}
 r - 3 scrolls of blinking {unknown}
 w - a scroll of noise {unknown}
 y - a scroll of immolation {unknown}
Potions
 d - a potion of might
 e - a potion of attraction {unknown}
 i - a potion of resistance {unknown}
 j - a potion of lignification {unknown}
 p - a potion of invisibility
 q - a potion of cancellation {unknown}
 s - a potion of flight
 x - 5 potions of curing


   Skills:
 + Level 7.8 Fighting
 + Level 6.7 Axes
 + Level 7.3 Armour
 + Level 5.5 Dodging
 - Level 4.1 Shields


You had 7 spell levels left.
You didn't know any spells.
Your spell library contained the following spells:

 Spells                   Type           Power      Damage    Failure   Level
 Animate Skeleton         Necr           0%         N/A       100%        1
 Pain                     Necr           0%         1d4       100%        1
 Conjure Flame            Conj/Fire      0%         6-21      100%        3
 Ignite Poison            Fire/Tmut/Pois 0%         N/A       100%        3
 Vampiric Draining        Necr           0%         2d6       100%        3
 Sticky Flame             Conj/Fire      0%         2d3       100%        4


Dungeon Overview and Level Annotations

Branches:
Dungeon (7/15)
 Temple: D:4-7

Altars:
Elyvilon
Kikubaaqudgha
Makhleb
Ru
Sif Muna
Trog
Uskayaw
Vehumet
Xom
Zin


Innate Abilities, Weirdness & Mutations

You have a pair of horns on your head.
You reflexively headbutt those who attack you in melee.


Message History

Something hits you but does no damage. x2
Something hits you.
* * * LOW HITPOINT WARNING * * *
Something hits you but does no damage. Something hits you.
* * * LOW HITPOINT WARNING * * *
Something completely misses you. Something hits you but does no damage.
Something hits you but does no damage.
Something hits you but does no damage. x2
Something hits you.
* * * LOW HITPOINT WARNING * * *
Something hits you but does no damage. Something hits you but does no damage.
Something hits you but does no damage. Something hits you but does no damage.
Something hits you.
* * * LOW HITPOINT WARNING * * *
Something hits you.
* * * LOW HITPOINT WARNING * * *
Something hits you.
* * * LOW HITPOINT WARNING * * *
Something hits you but does no damage. Something hits you.
* * * LOW HITPOINT WARNING * * *
You block something's attack.
You puncture something! You freeze something.
Something hits you but does no damage. Something hits you but does no damage.
Something hits you.
* * * LOW HITPOINT WARNING * * *
You miss something. Your headbutt misses something.
Something hits you but does no damage. x2
Something hits you but does no damage. Something hits you but does no damage.
Something hits you but does no damage. Something hits you.
* * * LOW HITPOINT WARNING * * *
You hit something but do no damage. You headbutt something! Something hits you.
You die...

#....#..#.....
#....#..#......
####'#####......
#.............#
#.............#
#.............+
#.............#
######....#+## #.
#@...# #. #....# #.
#####....############.
#...###...............
#.....#...............
#.....#...............
#.....#...............
#.....#.....[####.....
#.....#......# #.....


There were no monsters in sight!

Vanquished Creatures
  A water moccasin (D:5)
  An orc warrior (D:6)
  2 ice beasts
  A necrophage (D:6)
  An ogre (D:6)
  A scorpion (D:4)
  A wyvern zombie (D:6)
  A water moccasin zombie (D:6)
  5 wights (D:6)
  A bullfrog zombie (D:6)
  A hound (D:4)
  3 bullfrog skeletons
  3 orc priests
  An iguana (D:4)
  4 orc wizards
  A hound zombie (D:5)
  A hound skeleton (D:4)
  3 gnolls (D:2)
  A howler monkey skeleton (D:6)
  7 adders
  3 shadow imps
  2 ufetubi
  2 worms
  2 dart slugs (D:2)
  23 orcs
  6 endoplasms
  4 giant cockroaches
  12 hobgoblins
  14 jackals
  6 kobolds
  3 quokkas
  10 ball pythons
  5 bats
  4 frilled lizards
  6 goblins
  7 rats
149 creatures vanquished.

Vanquished Creatures (others)
  An endoplasm (D:4)
  A goblin (D:4)
  13 plants
  4 toadstools (D:1)
19 creatures vanquished.

Grand Total: 168 creatures vanquished

Notes
Turn   | Place    | Note
-------+----------+-------------------------------------------
     0 | D:1      | Decritt the Minotaur Fighter began the quest for the Orb.
     0 | D:1      | Reached XP level 1. HP: 19/19 MP: 0/0
    11 | D:1      | Found a faded altar of an unknown god.
   183 | D:1      | Reached XP level 2. HP: 15/27 MP: 1/1
   520 | D:1      | Reached skill level 1 in Dodging
   704 | D:1      | Reached XP level 3. HP: 33/33 MP: 2/2
  1765 | D:2      | Reached XP level 4. HP: 10/41 MP: 3/3
  1766 | D:2      | HP: 2/41 [gnoll (8)]
  2892 | D:3      | Reached skill level 5 in Fighting
  3194 | D:3      | Found a shimmering blue altar of Sif Muna.
  3258 | D:3      | Reached XP level 5. HP: 26/48 MP: 4/4
  4073 | D:4      | Reached XP level 6. HP: 38/57 MP: 5/5
  4294 | D:4      | Noticed a +0 dagger
  4294 | D:4      | Noticed a +0 hand axe
  4295 | D:4      | Found a hide-covered altar of Uskayaw.
  4342 | D:4      | Reached skill level 5 in Armour
  4822 | D:4      | Found a white marble altar of Elyvilon.
  5267 | D:5      | Entered Level 5 of the Dungeon
  5274 | D:5      | Found a bloodstained altar of Trog.
  5282 | D:5      | Found a sacrificial altar of Ru.
  5283 | D:5      | Found a glowing silver altar of Zin.
  5285 | D:5      | Found a radiant altar of Vehumet.
  5285 | D:5      | Found a shimmering altar of Xom.
  5286 | D:5      | Found a burning altar of Makhleb.
  5303 | D:5      | Reached XP level 7. HP: 63/63 MP: 6/6
  5323 | D:5      | Found an ancient bone altar of Kikubaaqudgha.
  5670 | D:5      | Reached skill level 5 in Axes
  6695 | D:6      | Reached XP level 8. HP: 66/73 MP: 7/7
  6752 | D:6      | Reached skill level 5 in Dodging
  7722 | D:7      | HP: 2/74 [something (6)]
  7723 | D:7      | Slain by an unseen horror

Illustrated notes

Levels and vault maps discovered:
D:1:      ldierk_water_garden, layout_basic,
          shapermc_ecumenical_altar_acropolis, minmay_stone_trees_small,
          minmay_statues_item, minmay_misc_feat_nine_boxes
D:2:      layout_loops_corners, nicolae_grassy_gnolls
D:3:      minmay_chambers_of_twos, layout_basic,
          mainiacjoe_overflow_small_starburst, minmay_fountain_box,
          kennysheep_nub
D:4:      layout_loops_cross, dancing_weapons_uskayaw, elyvilon_altar_4
D:5:      layout_basic, nicolae_overflow_hallway_of_the_gods,
          amcnicky_mini_pool_small
D:6:      layout_basic
D:7:      layout_gridville, minmay_temple_entry_steel_oval

Skill      XL: |  1  2  3  4  5  6  7  8 |
---------------+-------------------------+-----
Fighting       | 4 5 6 7 |  7.8
Dodging        | 1 2 3 4 5 |  5.5
Armour         | 4 5 6 7 |  7.3
Axes           | 3 4 5 6 |  6.7
Shields        | 4 |  4.1

Action                   |  1- 3 |  4- 6 |  7- 9 || total
-------------------------+-------+-------+-------++-------
Melee: War axe           |    86 |    69 |       ||   155
       Headbutt          |    10 |    22 |    25 ||    57
       Whip              |       |   112 |    96 ||   208
       Trident           |       |       |    27 ||    27
Throw: Dart              |       |    17 |    48 ||    65
       Boomerang         |       |       |     5 ||     5
  Use: Scroll            |       |     2 |     3 ||     5
Armor: Scale mail        |    46 |    31 |       ||    77
       Chain mail        |       |    59 |    51 ||   110
       Plate armour      |       |       |    36 ||    36
Dodge: Dodged            |    41 |    70 |    42 ||   153
Block: Buckler           |    19 |    53 |    21 ||    93

Table legend: (Time is in decaauts)
 A = Elapsed time spent in this place.
 B = Non-inter-level travel time spent in this place.
 C = Inter-level travel time spent in this place.
 D = Time resting spent in this place.
 E = Time spent auto-exploring this place.
 F = Levels seen in this place.
 G = Mean time per level.
                   A        B        C        D        E       F      G
               +--------+--------+--------+--------+--------+-----+--------+
         Total |   7778 |   7606 |    172 |   1620 |   4839 |   7 | 1111.1 |
       Dungeon |   7778 |   7606 |    172 |   1620 |   4839 |   7 | 1111.1 |
               +--------+--------+--------+--------+--------+-----+--------+

Top non-repeatable levels by time:
     D:2: 1534 daAuts
     D:6: 1372 daAuts
     D:3: 1333 daAuts
     D:4: 1240 daAuts
     D:1: 1216 daAuts
     D:5: 971 daAuts
     D:7: 109 daAuts
